 Dungeon Crawl Stone Soup version 0.23-a0-690-g0a1fc62 (console) character file.

12801 Voker57 the Carver (level 11, -8/141 HPs)
             Began as a Demonspawn Gladiator on Jan 11, 2019.
             Was a Follower of Uskayaw.
             Mangled by a freezing wraith (14 damage)
             ... in an ice cave.
             The game lasted 00:19:22 (11285 turns).

Voker57 the Carver (Demonspawn Gladiator)          Turns: 11285, Time: 00:19:23

Health: -8/141     AC: 25    Str: 15    XL:     11   Next: 67%
Magic:  0/17       EV:  2    Int: 10    God:    Uskayaw [*.....]
Gold:   285        SH:  0    Dex: 17    Spells: 10/10 levels left

rFire    . . .     SeeInvis .   a - +2 long sword (slice)
rCold    . . .     Gourm    .   (no shield)
rNeg     + + +     Faith    .   (armour currently unavailable)
rPois    +         Spirit   +   (helmet currently unavailable)
rElec    .         Reflect  .   (cloak currently unavailable)
rCorr    +         Harm     .   (gloves currently unavailable)
MR       .....     NoTele   +   (boots unavailable)
Stlth    +++.......             (no amulet)
HPRegen  0.33/turn              q - ring of resist corrosion
MPRegen  0.30/turn              x - ring of positive energy

@: tree-form, very slightly contaminated, slowed, invisible, very slow
A: powered by pain 1, robust 1, magic shield, magic regeneration, magic link
a: Stomp, Renounce Religion


You were in an ice cave.
You worshipped Uskayaw.
Uskayaw was aware of your devotion.
You were not hungry.
You were a tree.
You visited 2 branches of the dungeon, and saw 12 of its levels.
You also visited: Ice Cave.

You collected 586 gold pieces.
You spent 301 gold pieces at shops.

Inventory:

Hand Weapons
 a - a +2 long sword of slicing (weapon)
 b - a +1 dagger of venom
 d - the +4 glaive "No More Talking" {chaos, MP+9 Int-4 Stlth+}
   (You found it on level 9 of the Dungeon)

   Each time it hits an enemy it has a different, random effect.
   It affects your intelligence (-4).
   It affects your magic capacity (+9).
   It makes you more stealthy.
Armour
 c - a +1 helmet (melded)
 v - the +4 scale mail of the Hills (melded) {*Contam rPois rF++ SInv}
   (You found it on level 5 of the Dungeon)

   It greatly protects you from fire.
   It protects you from poison.
   It lets you see invisible.
   It causes magical contamination when unequipped.
 F - a +2 pair of gloves of dexterity (melded)
Jewellery
 q - a ring of resist corrosion (left branch)
 x - a ring of positive energy (right branch)
 K - an uncursed ring of protection from fire
 N - a +2 ring of slaying
Wands
 z - a wand of scattershot (4)
 C - a wand of paralysis (21)
 H - a wand of flame (34)
 J - a wand of disintegration (14)
 L - a wand of iceblast (15)
Scrolls
 e - 5 scrolls of remove curse
 h - 2 scrolls of random uselessness
 i - a scroll of magic mapping
 j - 2 scrolls of noise
 k - 4 scrolls of teleportation
 y - 2 scrolls of enchant armour
 A - 2 scrolls of fog
 E - 3 scrolls of torment
 O - a scroll of enchant weapon
 P - a scroll of blinking
Potions
 l - 12 potions of degeneration
 m - a potion of ambrosia {unknown}
 n - 2 potions of brilliance {unknown}
 o - 4 potions of heal wounds
 r - a potion of invisibility
 s - a potion of magic
 u - a potion of resistance {unknown}
 w - a potion of might {unknown}
 D - 2 potions of curing {unknown}
Comestibles
 f - 31 rations


   Skills:
 + Level 8.0 Fighting
 * Level 10.3 Long Blades
 - Level 1.7 Throwing
 + Level 5.7 Armour
 + Level 7.5 Dodging
 + Level 3.9 Stealth
 + Level 8.8 Invocations
 - Level 4.0 Evocations


You had 10 spell levels left.
You didn't know any spells.
Your spell library contained the following spells:

 Spells                   Type           Power        Failure   Level  Hunger
 Animate Skeleton         Necr           N/A          36%         1    ##.....
 Apportation              Tloc           #.....       36%         1    ##.....
 Confusing Touch          Hex            #.....       36%         1    ##.....
 Corona                   Hex            #......      36%         1    ##.....
 Magic Dart               Conj           #...         36%         1    ##.....
 Summon Small Mammal      Summ           #...         36%         1    ##.....
 Ensorcelled Hibernation  Hex/Ice        #.....       50%         2    ###....
 Searing Ray              Conj           #.....       50%         2    ###....
 Confuse                  Hex            #.......     75%         3    ####...
 Dazzling Spray           Conj/Hex       #.....       75%         3    ####...
 Tukima's Dance           Hex            #.......     75%         3    ####...
 Force Lance              Conj/Tloc      #.......     98%         4    #####..
 Fulminant Prism          Conj/Hex       #.........   98%         4    #####..
 Iskenderun's Mystic Bla  Conj           #.......     98%         4    #####..


Dungeon Overview and Level Annotations

Branches:
Dungeon (11/15)            Temple (1/1) D:4            Lair (0/6) D:11
    Orc (0/2) D:9

Altars:
Ashenzari
Cheibriados
Dithmenos
Elyvilon
Fedhas
Gozag
Hepliaklqana
Kikubaaqudgha
Makhleb
Nemelex Xobeh
Okawaru
Qazlal
Ru
Sif Muna
Trog
Uskayaw
Vehumet
Wu Jian
Xom
Yredelemnul
Zin
The Shining One

Shops:
D:6 :   D:8 :*

Annotations:
D:3 2 transporters, MisterFreud's ghost, weakling FeSu
D:8 exclusion: statue


Innate Abilities, Weirdness & Mutations

((You have claws for feet.))
You sometimes gain a little power by taking damage.
You are robust. (+10% HP)
When hurt, damage is shared between your health and your magic reserves.
You regenerate magic rapidly.
When low on magic, you restore magic in place of health.
((When seriously injured, your bleeding wounds create armour. (AC +0)))


Message History

* * * LOW HITPOINT WARNING * * *
The freezing wraith hits you but does no damage. x3
You can no longer pass through a line of other dancers.
You hit the freezing wraith.
The freezing wraith is lightly damaged.
The freezing wraith hits you but does no damage.
The freezing wraith hits you.
* * * LOW HITPOINT WARNING * * *
The freezing wraith hits you.
* * * LOW HITPOINT WARNING * * *
The freezing wraith freezes you!!
* * * LOW HITPOINT WARNING * * *
The freezing wraith hits you but does no damage.
You hit the freezing wraith but do no damage.
The freezing wraith is lightly damaged.
The freezing wraith hits you but does no damage. x3
The freezing wraith hits you. The freezing wraith hits you!
* * * LOW HITPOINT WARNING * * *
The freezing wraith freezes you!
You die...

##....###
##.#..
###...###
##.....
###.W.###
##......
##...###
####.......
#...##
##..........
#..###
##....###....
#....##
#...### ###..
##....##
#..## ###
###WW.###...#
##♣..###..##
##...###..##
##...###..##
###.......#
###....##
######


You could see 2 freezing wraiths.

Vanquished Creatures
  4 two-headed ogres
  An unseen horror (D:11)
  A deep elf mage (D:10)
  A cyclops (D:11)
  A gargoyle (D:10)
  4 freezing wraiths (IceCv)
  A hornet (D:9)
  Grinder (D:6)
  4 hippogriffs
  Sigmund (D:5)
  A shadow (D:11)
  6 yaks
  A steam dragon (D:9)
  A hungry ghost (D:8)
  A death yak simulacrum (IceCv)
  Menkaure (D:5)
  A swamp drake (D:9)
  A sky beast (D:9)
  2 black bears
  4 orc warriors
  5 ice beasts (IceCv)
  A necrophage (D:8)
  2 phantoms
  5 ogres
  4 centaurs
  A crocodile (D:9)
  Blork the orc (D:5)
  5 big kobolds
  4 bullfrogs
  A gnoll sergeant (D:8)
  3 scorpions
  A wyvern skeleton (D:8)
  3 howler monkeys
  2 crimson imps
  6 hounds
  9 orc priests
  2 bullfrog zombies
  11 orc wizards
  2 bullfrog skeletons
  A centaur skeleton (D:4)
  4 iguanas
  7 worker ants
  A polar bear simulacrum (IceCv)
  2 wolf simulacra (IceCv)
  A killer bee zombie (D:10)
  A hound skeleton (D:4)
  4 worker ant zombies
  3 gnolls (D:8)
  7 adders
  3 shadow imps
  5 white imps (IceCv)
  An ooze (D:1)
  2 adder zombies
  2 adder skeletons
  4 dart slugs
  10 leopard geckos
  51 orcs
  A ball python (D:1)
  3 bats
  5 giant cockroaches
  13 goblins
  9 hobgoblins
  6 jackals
  3 quokkas
  4 frilled lizards
  A giant cockroach zombie (D:5)
  A jackal skeleton (D:5)
  17 kobolds
  A leopard gecko skeleton (D:4)
  10 rats
289 creatures vanquished.

Notes
Turn   | Place    | Note
-------+----------+-------------------------------------------
     0 | D:1      | Voker57 the Demonspawn Gladiator began the quest for the
                  | Orb.
     0 | D:1      | Reached XP level 1. HP: 16/16 MP: 1/1
    38 | D:1      | Reached skill level 3 in Long Blades
    44 | D:1      | Gained mutation: You have sharp toenails. [demonic
                  | ancestry]
    44 | D:1      | Reached XP level 2. HP: 10/22 MP: 2/2
   666 | D:1      | Gained mutation: When hurt, damage is shared between your
                  | health and your magic reserves. [demonic ancestry]
   666 | D:1      | Reached XP level 3. HP: 25/28 MP: 3/3
  1034 | D:2      | Gained mutation: You have razor-sharp toenails. [demonic
                  | ancestry]
  1034 | D:2      | Reached XP level 4. HP: 15/34 MP: 4/4
  1550 | D:3      | Found a transporter.
  1556 | D:3      | Noticed MisterFreud's ghost (weakling FeSu)
  1576 | D:3      | Found a transporter.
  1612 | D:3      | Reached skill level 4 in Long Blades
  1612 | D:3      | Gained mutation: When seriously injured, your bleeding
                  | wounds create armour. (AC +0) [demonic ancestry]
  1612 | D:3      | Reached XP level 5. HP: 41/41 MP: 5/5
  2168 | D:4      | Noticed a phantom
  2190 | D:4      | Killed a phantom
  2190 | D:4      | Gained mutation: You regenerate magic rapidly. [demonic
                  | ancestry]
  2190 | D:4      | Reached XP level 6. HP: 28/48 MP: 4/6
  2444 | D:4      | Found a staircase to the Ecumenical Temple.
  2449 | D:4      | Reached skill level 5 in Long Blades
  2861 | Temple   | Entered the Ecumenical Temple
  3072 | Temple   | Became a worshipper of Uskayaw the Reveler
  3162 | D:4      | Reached * piety under Uskayaw
  3229 | D:4      | Reached ** piety under Uskayaw
  3232 | D:4      | Reached skill level 1 in Invocations
  3232 | D:4      | Gained mutation: You sometimes gain a little power by
                  | taking damage. [demonic ancestry]
  3232 | D:4      | Reached XP level 7. HP: 48/54 MP: 5/7
  3838 | D:5      | Entered Level 5 of the Dungeon
  3857 | D:5      | Noticed Menkaure
  3867 | D:5      | Killed Menkaure
  3867 | D:5      | Reached *** piety under Uskayaw
  3933 | D:5      | Reached **** piety under Uskayaw
  3940 | D:5      | Reached skill level 6 in Long Blades
  3982 | D:5      | Got a bloodstained scale mail
  3993 | D:5      | Identified the +4 scale mail of the Hills {*Contam rPois
                  | rF++ SInv} (You found it on level 5 of the Dungeon)
  4253 | D:5      | Noticed Blork the orc
  4254 | D:5      | Noticed Sigmund
  4267 | D:5      | Killed Blork the orc
  4283 | D:5      | Killed Sigmund
  4283 | D:5      | Reached skill level 1 in Armour
  4283 | D:5      | Gained mutation: When low on magic, you restore magic in
                  | place of health. [demonic ancestry]
  4283 | D:5      | Reached XP level 8. HP: 57/61 MP: 10/10
  4382 | D:5      | Found a white marble altar of Elyvilon.
  5273 | D:6      | Reached skill level 5 in Dodging
  5325 | D:6      | Found Kudox's Book Shop.
  5427 | D:6      | Reached skill level 5 in Fighting
  5587 | D:6      | Noticed Grinder
  5608 | D:6      | Paralysed by Grinder for 5 turns
  5615 | D:6      | Killed Grinder
  5615 | D:6      | Reached skill level 1 in Stealth
  6394 | D:7      | Reached skill level 7 in Long Blades
  6465 | D:7      | Found a hazy altar of Hepliaklqana.
  6487 | D:7      | Found a stormy altar of Qazlal.
  6581 | D:7      | Noticed a hippogriff
  6608 | D:7      | Reached ***** piety under Uskayaw
  6612 | D:7      | Killed a hippogriff
  6612 | D:7      | Gained mutation: You have claws for feet. [demonic
                  | ancestry]
  6612 | D:7      | Reached XP level 9. HP: 28/68 MP: 9/12
  6854 | D:7      | Reached skill level 5 in Invocations
  6943 | D:8      | Found a radiant altar of Vehumet.
  6978 | D:8      | Found Tifyisma's General Store.
  6979 | D:8      | Found Plog's Book Boutique.
  7142 | D:8      | Bought a +2 pair of gloves of dexterity for 301 gold pieces
  7478 | D:9      | Reached skill level 8 in Long Blades
  7531 | D:9      | Found a staircase to the Orcish Mines.
  7545 | D:9      | Reached ****** piety under Uskayaw
  7788 | D:9      | Noticed a two-headed ogre
  7817 | D:9      | Killed a two-headed ogre
  7817 | D:9      | Reached XP level 10. HP: 58/77 MP: 11/14
  8128 | D:9      | Noticed a two-headed ogre
  8137 | D:9      | Killed a two-headed ogre
  8137 | D:9      | Reached skill level 1 in Evocations
  8536 | D:9      | Reached skill level 9 in Long Blades
  8780 | D:9      | Got a slimy glaive
  8781 | D:9      | Identified the +4 glaive "No More Talking" {chaos, MP+9
                  | Int-4 Stlth+} (You found it on level 9 of the Dungeon)
  8953 | D:10     | Entered Level 10 of the Dungeon
  9051 | D:10     | Noticed a two-headed ogre
  9060 | D:10     | Killed a two-headed ogre
  9108 | D:10     | Noticed a deep elf mage
  9125 | D:10     | Killed a deep elf mage
  9125 | D:10     | Gained mutation: You are robust. (+10% HP) [demonic
                  | ancestry]
  9125 | D:10     | Reached XP level 11. HP: 33/92 MP: 11/16
  9439 | D:10     | Found a shadowy altar of Dithmenos.
  9456 | D:10     | Reached skill level 5 in Armour
 10162 | D:11     | Noticed a two-headed ogre
 10170 | D:11     | Killed a two-headed ogre
 10239 | D:11     | Noticed an unseen horror
 10251 | D:11     | Killed an unseen horror
 10251 | D:11     | Reached skill level 10 in Long Blades
 10280 | D:11     | Found a frozen archway.
 10349 | IceCv    | Entered an ice cave
 11285 | IceCv    | HP: 6/141 [freezing wraith (7)]
 11285 | IceCv    | Mangled by a freezing wraith

Vault maps used:
D:1:      psy_arrival_whirlpool
D:2:      minmay_alternating_diamond
D:3:      gammafunk_ghost_stat_death
D:4:      minmay_temple_entry_nine_rooms, first_ration
D:5:      lemuel_crystal_altar, uniq_blork_the_orc, uniq_menkaure, uniq_sigmund
D:6:      serial_shops, nicolae_shop_waterfront, sigmund_army, uniq_grinder
D:7:      overflow_temple_1_default, nicolae_qazlal_eye_of_the_storm
D:8:      vehumet_statue, serial_shops, shop, shop, blue_anna_alchemist
D:9:      kennysheep_windowed_halls, erik_orc_1
D:10:     minmay_opposing_rooms, nicolae_dithmenos_through_a_glass_darkly
D:11:     lair_entry_dummy, portal_ice_cave_entry_pillars_2
Temple:   hc_temple_tempest_star
IceCv:    ice_cave_small_necro

Skill      XL: |  1  2  3  4  5  6  7  8  9 10 11 |
---------------+----------------------------------+-----
Long Blades    | 3 4 5 6 7 8 9 10 | 10.3
Dodging        | 3 4 5 6 7 |  7.5
Fighting       | 3 4 5 6 7 8 |  8.0
Invocations    | 1 3 4 6 7 8 |  8.8
Armour         | 1 2 3 4 5 |  5.7
Stealth        | 2 3 |  3.9
Evocations     | 2 4 |  4.0
Throwing       | |  1.7

Action                   |  1- 3 |  4- 6 |  7- 9 | 10-12 || total
-------------------------+-------+-------+-------+-------++-------
Melee: Long sword        |    92 |   144 |   292 |   239 ||   767
       Kick              |    17 |    55 |   131 |   153 ||   356
       Dagger            |       |       |    23 |    84 ||   107
Throw: Throwing net      |       |     1 |     4 |     5 ||    10
Invok: Line Pass         |       |       |     1 |       ||     1
       Stomp             |       |       |     3 |     9 ||    12
Evoke: Wand              |       |       |       |     5 ||     5
  Use: Potion            |       |     3 |       |     3 ||     6
       Scroll            |       |       |    18 |     2 ||    20
 Stab: Sleeping          |       |     1 |       |     3 ||     4
       Held in net/web   |       |     3 |     3 |     5 ||    11
       Paralysed         |       |       |    14 |    20 ||    34
       Confused          |       |       |     2 |       ||     2
  Eat: Chunk             |       |     6 |    15 |    10 ||    31
       Ration            |       |       |     2 |     1 ||     3
Armor: Leather armour    |    32 |    36 |     5 |       ||    73
       Scale mail        |       |       |   158 |   179 ||   337
       Skin              |       |       |       |    18 ||    18
Dodge: Dodged            |    81 |   112 |   254 |   282 ||   729
       Rpst.: Long sword |    26 |    41 |    65 |    61 ||   193

Table legend:
 A = Non-vault XP
 B = Vault XP
 C = Vault XP percentage of total XP
 D = Non-vault monster count
 E = Vault monster count
 F = Vault count percentage of total count
                 A         B        C        D         E       F
            +---------+---------+-------+---------+---------+-------
      Total |   10805 |    7483 |  40.9 |     213 |      76 |  26.3
            +---------+---------+-------+---------+---------+-------
        D:1 |      56 |       0 |   0.0 |      30 |       0 |   0.0
        D:2 |      69 |      11 |  13.8 |      16 |       5 |  23.8
        D:3 |     225 |       0 |   0.0 |      22 |       0 |   0.0
        D:4 |     471 |       0 |   0.0 |      18 |       0 |   0.0
        D:5 |     358 |     494 |  58.0 |      17 |       3 |  15.0
        D:6 |     299 |     281 |  48.4 |       8 |       5 |  38.5
        D:7 |     810 |       0 |   0.0 |      14 |       0 |   0.0
        D:8 |    1093 |      95 |   8.0 |      24 |       1 |   4.0
        D:9 |    2915 |    2146 |  42.4 |      33 |      37 |  52.9
       D:10 |    1503 |    2082 |  58.1 |      20 |       7 |  25.9
       D:11 |    3006 |       0 |   0.0 |      11 |       0 |   0.0
      IceCv |       0 |    2374 | 100.0 |       0 |      18 | 100.0
            +---------+---------+-------+---------+---------+-------
